 Dungeon Crawl Stone Soup version 0.30-a0-800-g7c544603b3 (webtiles) character file.

Game seed: 4328992024286091372

2032 ryw the Trooper (level 9, 0/65 HPs)
             Began as a Demonspawn Monk on Feb 21, 2023.
             Was a Priest of Hepliaklqana.
             Slain by an acid dragon (1 damage)
             ... on level 6 of the Dungeon.
             The game lasted 00:11:04 (6957 turns).

ryw the Trooper (Demonspawn Monk)                   Turns: 6957, Time: 00:11:05

Health: 0/65       AC:  5    Str: 14    XL:     9   Next: 3%
Magic:  13/13      EV: 14    Int: 13    God:    Hepliaklqana [***...]
Gold:   300        SH:  0    Dex: 16    Spells: 13/14 levels left

rFire   + . .      SeeInvis .    h - +3 short sword (venom)
rCold   . . .      Faith    .    (no shield)
rNeg    . . .      Spirit   .    q - +1 ring mail {rF+}
rPois   .          Reflect  .    t - +0 helmet
rElec   .          Harm     .    d - +1 cloak {Will+}
rCorr   +          Rampage  .    (no gloves)
Will    +....                    (no boots)
Stlth   +                        (no amulet)
HPRegen 0.30/turn                o - ring of resist corrosion
MPRegen 0.13/turn                (no ring)

@: about to teleport, weakened, corroded
A: reduced essence, demonic magic 3, weakness stinger 2
a: Renounce Religion, Ancestor Life: Knight, Ancestor Life: Battlemage, Ancestor
Life: Hexer, Recall Ancestor, Ancestor Identity, Transference


You were on level 6 of the Dungeon.
You worshipped Hepliaklqana.
Hepliaklqana was most pleased with you.
You visited 2 branches of the dungeon, and saw 8 of its levels.

You collected 300 gold pieces.

Inventory:

Hand Weapons
 h - a +3 short sword of venom (weapon)
 j - a +4 dire flail
 p - a +3 dagger
 w - a +5 dagger
Missiles
 e - 11 poisoned darts (quivered)
 v - 6 atropa-tipped darts
Armour
 d - a +1 cloak of willpower (worn)
 q - a +1 ring mail of fire resistance (worn)
 t - a +0 helmet (worn)
 u - a +0 pair of boots
Jewellery
 o - a ring of resist corrosion (left hand)
Wands
 c - a wand of polymorph (8)
Scrolls
 b - a scroll of fear
 i - 2 scrolls of teleportation
 k - 2 scrolls of amnesia
 l - a scroll of fog
 m - a scroll of magic mapping
 s - 2 scrolls of identify
Potions
 f - a potion of curing
 g - a potion of might {unknown}
 n - a potion of ambrosia
 r - a potion of brilliance


   Skills:
 + Level 7.7 Fighting
 + Level 3.0 Short Blades
 + Level 7.2 Dodging
 - Level 1.7 Stealth
 - Level 2.6 Unarmed Combat
 - Level 3.0 Spellcasting
 - Level 3.0 Summonings


You had 13 spell levels left.
You knew the following spells:

 Your Spells              Type           Power      Damage    Failure   Level
a - Summon Small Mammal   Summ           36%        N/A       14%         1

Your spell library contained the following spells:

 Spells                   Type           Power      Damage    Failure   Level
 Apportation              Tloc           2%         N/A       43%         1
 Necrotise                Necr           4%         1d4       43%         1


Dungeon Overview and Level Annotations

Branches:
Dungeon (7/15)             Temple (1/1) D:4

Altars:
Ashenzari
Cheibriados
Dithmenos
Fedhas
Hepliaklqana
Kikubaaqudgha
Makhleb
Nemelex Xobeh
Okawaru
Qazlal
Trog
Uskayaw
Vehumet
Xom

Annotations:
D:4 2 transporters, retardedninja's ghost, amateur GnFi
D:6 3 runed translucent doors, Pimp's ghost, amateur DjGl


Innate Abilities, Weirdness & Mutations

Your life essence is reduced to manifest your ancestor. (-10% HP)
Spells you cast and wands you use may paralyse nearby enemies.
You have a tail ending in a sharp stinger.


Message History

The bullfrog hits you but does no damage.
Your life force feels restored.
You barely miss the acid dragon. The acid dragon bites you.
The acid dragon claws you but does no damage.
The bullfrog hits you but does no damage.
Hamal barely misses the acid dragon.
You hit the acid dragon but do no damage.
The acid dragon is poisoned.
Your tail-slap misses the acid dragon.
The orc barely misses you. The acid dragon bites you!
The acid dragon closely misses you. The bullfrog hits you.
Hamal hits the acid dragon.
You swap places.
The bullfrog hits Hamal.
The orc hits Hamal with a +0 flail!
The acid dragon spits acid at you. The splash of acid hits you! You resist.
The acid corrodes you!
The gnoll bouda barks out a call to the hunt!
The gnolls pick up the pace!
The bullfrog hits Hamal.
Hamal hits the bullfrog.
The acid dragon attacks as you move away!
The acid dragon barely misses you.
The acid dragon claws you but does no damage.
The orc hits Hamal with a +0 flail.
The bullfrog hits Hamal.
Hamal is destroyed!
You hit the acid dragon.
The acid dragon is moderately wounded.
The acid dragon spits acid at you. The splash of acid hits you! You resist.
* * * LOW HITPOINT WARNING * * *
You barely miss the acid dragon. You tail-slap the acid dragon.
The acid dragon is heavily wounded.
The acid dragon bites you.
* * * LOW HITPOINT WARNING * * *
The acid dragon closely misses you.
The gnoll bouda gazes fiercely through you!
You feel your attacks grow feeble.
As you read the scroll of teleportation, it crumbles to dust.
You feel strangely unstable.
The gnoll sergeant hits you from afar with a +0 spear!
* * * LOW HITPOINT WARNING * * *
The acid dragon bites you.
You die...

.##......# #..).....# ##.#.#
......#### ###.###### #.#R#
...##.# #..# #...### ...##.#
########.######## ##..... ...##.#
#...............# #..... ...##.#
#.####.....####.# ##.... .####.#
#.# ##...## /#.# #.... ..)##.#
#.# ##.## ..#.# #รท..# ...##.#
#.## #@# ..##.# #.#[# ...##.#
#..## +#D#'.##..# #.#..
...##.###...###gFg###...#####.###
.####.......).5o8l..........#.# #
.# #.......###..g###...###...# #
.# #...#..## '#.#'.##..# ###.# #
z####.###.## ..#.#...##.# #.# #
.z..#.# #.# ..##.##...#.# #.#
..z...# #.#=.# ... #.$#.# #.#


You could see an acid dragon (poisoned, catching breath), a gnoll sergeant
(swift), a bullfrog, a gnoll bouda, an iguana, a gnoll (swift), an orc and an
ufetubus.

Vanquished Creatures
  Maggie (D:7)
  Grinder (D:5)
  Sigmund (D:2)
  A sky beast (D:7)
  An orc warrior (D:7)
  A black bear (D:4)
  An ice beast (D:5)
  A kobold brigand (D:6)
  A necrophage (D:5)
  3 scorpions
  2 wights (D:7)
  3 orc priests
  2 hounds
  A jelly (D:4)
  Crazy Yiuf (D:3)
  3 iguanas
  Jessica (D:2)
  An orc wizard (D:7)
  6 adders
  2 gnolls
  A shadow imp (D:6)
  A white imp (D:5)
  2 ufetubi
  A worm (D:2)
  A dart slug (D:2)
  11 orcs
  6 ball pythons
  7 endoplasms
  A giant cockroach (D:2)
  8 goblins
  3 hobgoblins
  4 jackals
  4 quokkas
  6 bats
  4 frilled lizards
  11 kobolds
  4 rats
109 creatures vanquished.

Vanquished Creatures (collateral kills)
  2 wights
  A shadow imp (D:6)
  An orc (D:6)
  A quokka (D:5)
5 creatures vanquished.

Vanquished Creatures (others)
  4 ancestors
  11 plants (D:3)
15 creatures vanquished.

Grand Total: 129 creatures vanquished

Notes
Turn   | Place    | Note
-------+----------+-------------------------------------------
     0 | D:1      | ryw the Demonspawn Monk began the quest for the Orb.
     0 | D:1      | Reached XP level 1. HP: 18/18 MP: 1/1
   155 | D:1      | Gained mutation: You have a small tail. [demonic ancestry]
   155 | D:1      | Reached XP level 2. HP: 23/24 MP: 2/2
   563 | D:2      | Noticed Jessica
   589 | D:2      | Killed Jessica
   590 | D:2      | Gained mutation: You have a tail ending in a sharp stinger.
                  | [demonic ancestry]
   590 | D:2      | Reached XP level 3. HP: 11/30 MP: 3/3
   910 | D:1      | Gained mutation: Spells you cast may paralyse adjacent
                  | enemies. [demonic ancestry]
   910 | D:1      | Reached XP level 4. HP: 17/37 MP: 4/4
  1015 | D:2      | Learned a level 1 spell: Summon Small Mammal
  1229 | D:2      | Noticed Sigmund
  1968 | D:3      | Reached skill level 1 in Summonings
  1981 | D:3      | Reached skill level 1 in Spellcasting
  1989 | D:3      | Reached XP level 5. HP: 20/42 MP: 6/6
  2215 | D:2      | Killed Sigmund
  2216 | D:2      | Reached skill level 1 in Short Blades
  2216 | D:2      | Gained mutation: Spells you cast may paralyse nearby
                  | enemies. [demonic ancestry]
  2216 | D:2      | Reached XP level 6. HP: 37/48 MP: 6/9
  2776 | D:3      | Found a blossoming altar of Fedhas.
  3100 | D:3      | Found a runed translucent door.
  3101 | D:3      | Noticed Crazy Yiuf
  3550 | D:3      | Killed Crazy Yiuf
  3694 | D:4      | Found a transporter.
  3695 | D:4      | Found a transporter.
  3695 | D:4      | Noticed retardedninja's ghost (amateur GnFi)
  3886 | D:4      | Gained mutation: Spells you cast and wands you use may
                  | paralyse nearby enemies. [demonic ancestry]
  3886 | D:4      | Reached XP level 7. HP: 21/54 MP: 11/11
  4104 | D:4      | Found a staircase to the Ecumenical Temple.
  4121 | D:4      | Found a stormy altar of Qazlal.
  4506 | Temple   | Entered the Ecumenical Temple
  4541 | Temple   | Became a worshipper of Hepliaklqana the Forgotten
  4541 | Temple   | Reached * piety under Hepliaklqana
  4541 | Temple   | Reached ** piety under Hepliaklqana
  4614 | D:5      | Entered Level 5 of the Dungeon
  4910 | D:5      | Reached skill level 5 in Fighting
  4923 | D:5      | Reached skill level 5 in Dodging
  5066 | D:5      | Noticed Grinder
  5076 | D:5      | Killed Grinder
  5077 | D:5      | Reached XP level 8. HP: 41/57 MP: 12/12
  5343 | D:5      | You fall into a shaft and drop 2 floors!
  5345 | D:7      | Noticed Maggie
  5369 | D:7      | Killed Maggie
  5849 | D:6      | Found a runed translucent gate.
  5851 | D:6      | Noticed a kobold demonologist
  5854 | D:6      | Found a runed translucent gate.
  5854 | D:6      | Found a runed translucent gate.
  5859 | D:6      | Noticed Pimp's ghost (amateur DjGl)
  6467 | D:6      | Reached *** piety under Hepliaklqana
  6589 | D:6      | HP: 2/56 [wight/+4 dire flail (4)]
  6876 | D:6      | Reached XP level 9. HP: 53/63 MP: 13/13
  6957 | D:6      | HP: 1/65 [gnoll sergeant/+0 spear (7)]
  6957 | D:6      | Slain by an acid dragon

Illustrated notes

Levels and vault maps discovered:
D:1:      wander_arrival_peaceful_grave, layout_basic, minmay_misc_feat_encased
D:2:      layout_basic, uniq_jessica, uniq_sigmund
D:3:      layout_loops_ring, fedhas_altar_1, serial_bayou, serial_bayou_pond_d,
          serial_bayou_pond_b, serial_bayou_pond_d, serial_bayou_shore_b,
          serial_bayou_pond_b, serial_bayou_shore_a, uniq_crazy_yiuf_cottage
D:4:      layout_gridville, grunt_qazlal_sundering,
          minmay_temple_entry_junction, gammafunk_ghost_arena
D:5:      layout_loops_cross, uniq_grinder
D:6:      cheibrodos_barr_body, layout_basic, gammafunk_ghost_nasty_kobolds,
          uniq_blork_the_orc
D:7:      layout_loops_cross, minmay_fountain_box, uniq_duvessa, uniq_maggie,
          uniq_menkaure
Temple:   hellmonk_temple_of_storms

Skill      XL: |  1  2  3  4  5  6  7  8 |
---------------+-------------------------+-----
Dodging        | 3 4 5 7 |  7.2
Fighting       | 4 5 7 |  7.7
Summonings     | 1 2 3 |  3.0
Spellcasting   | 1 2 3 |  3.0
Short Blades   | 1 3 |  3.0
Stealth        | |  1.7
Unarmed Combat | |  2.6

Action                     |  1- 3 |  4- 6 |  7- 9 || total
---------------------------+-------+-------+-------++-------
  Melee: Unarmed           |    91 |    17 |       ||   108
         Punch             |     3 |     3 |     9 ||    15
         Tailslap          |     5 |    22 |    27 ||    54
         Whip              |       |    79 |       ||    79
         Short sword       |       |   101 |   203 ||   304
  Throw: Dart              |     2 |     1 |       ||     3
 Invoke: Recall Ancestor   |       |       |     1 ||     1
    Use: Potion            |     2 |     3 |     2 ||     7
         Scroll            |       |     4 |     9 ||    13
   Stab: Sleeping          |     4 |     1 |     2 ||     7
         Distracted        |       |       |     2 ||     2
 Armour: Robe              |    27 |    26 |       ||    53
         Ring mail         |       |    15 |    63 ||    78
  Dodge: Dodged            |    81 |   126 |   125 ||   332

Table legend: (Time is in decaauts)
 A = Elapsed time spent in this place.
 B = Non-inter-level travel time spent in this place.
 C = Inter-level travel time spent in this place.
 D = Time resting spent in this place.
 E = Time spent auto-exploring this place.
 F = Levels seen in this place.
 G = Mean time per level.
                   A        B        C        D        E       F      G
               +--------+--------+--------+--------+--------+-----+--------+
         Total |   6955 |   6660 |    295 |   1437 |   3988 |   8 |  869.4 |
       Dungeon |   6898 |   6609 |    289 |   1437 |   3959 |   7 |  985.4 |
        Temple |     56 |     50 |      6 |      0 |     29 |   1 |   56.0 |
               +--------+--------+--------+--------+--------+-----+--------+

Top non-repeatable levels by time:
     D:3: 1428 daAuts
     D:2: 1263 daAuts
     D:5: 1056 daAuts
     D:4: 945 daAuts
     D:1: 933 daAuts
     D:6: 759 daAuts
     D:7: 511 daAuts
  Temple: 56 daAuts
